 Dungeon Crawl Stone Soup version 0.31-a0-1009-g454b1f1e0a (webtiles) character file.

Game seed: 16313403387627013113

19 Avanven the Slasher (level 2, 0/16 (24) HPs)
             Began as a Demigod Reaver on Nov 16, 2023.
             Slain by Sigmund
             ... wielding a +2 heavy scythe
              (16 damage)
             ... on level 2 of the Dungeon.
             The game lasted 00:01:45 (731 turns).

Avanven the Slasher (Demigod Reaver)                 Turns: 731, Time: 00:01:45

HP:   0/16 (24)     AC:  5    Str: 13    XL:     2   Next: 39%
MP:   4/7           EV: 15    Int: 15    God:
Gold: 81            SH:  0    Dex: 12    Spells: 3/4 levels left

rFire   . . .        a - +0 falchion
rCold   . . .        (no shield)
rNeg    . . .        e - +0 ring mail
rPois   .            (no helmet)
rElec   .            (no cloak)
rCorr   .            (no gloves)
SInv    .            (no boots)
Will    .....        (no amulet)
Stlth   +            c - +5 ring of evasion
HPRegen 0.22/turn    (no ring)
MPRegen 0.10/turn

%: no passive effects
@: very slightly contaminated, very heavily drained
A: high MP 1, forlorn, divine attributes
a: no special abilities


You were on level 2 of the Dungeon.
You visited 1 branch of the dungeon, and saw 2 of its levels.

You collected 81 gold pieces.

Inventory:

Hand Weapons
 a - a +0 falchion (weapon)
Armour
 b - a +0 leather armour
 e - a +0 ring mail (worn)
Jewellery
 c - a +5 ring of evasion (left hand)
Scrolls
 f - a scroll of identify {unknown}
 g - a scroll of noise {unknown}
Potions
 h - a potion of ambrosia {unknown}
 i - a potion of lignification {unknown}


   Skills:
 - Level 1.7 Fighting
 * Level 3.3 Long Blades
 - Level 1.7 Dodging
 - Level 1.7 Spellcasting
 + Level 3.0 Conjurations


You had 3 spell levels left.
You knew the following spells:

 Your Spells              Type           Power      Damage    Failure   Level
a - Kiss of Death         Conj/Necr      20%        2d7       26%         1

Your spell library contained the following spells:

 Spells                   Type           Power      Damage    Failure   Level
 Momentum Strike          Conj/Tloc      10%        3d8       38%         2
 Lesser Beckoning         Tloc           2%         N/A       58%         2
 Hailstorm                Conj/Ice       5%         3d4       63%         3
 Gell's Gravitas          Tloc           1%         N/A       83%         3
 Teleport Other           Tloc           1%         N/A       83%         3


Dungeon Overview and Level Annotations

Branches:
Dungeon (2/15)

Annotations:
D:2 Sigmund


Innate Abilities, Weirdness & Mutations

You have an increased reservoir of magic. (+10% MP)
You shall have no god before yourself.
Your divine heritage dramatically boosts your attributes as you level up.


Message History

Okay, then.
You feel much better. Sigmund misses you.
Casting: Kiss of Death (safe; 26% risk of failure)
Confirm with . or Enter, or press ? or * to list all spells.
Aiming: Kiss of Death (safe; 26% risk of failure)
Press: ? - help, Shift-Dir - straight line, f - Sigmund
Aim: Sigmund, wielding a +2 heavy scythe and wearing a +0 robe (100% to hit)
The negative energy hits Sigmund!
Sigmund is drained!
Sigmund is heavily wounded.
You feel drained.
Casting: Kiss of Death (safe; 26% risk of failure)
Confirm with . or Enter, or press ? or * to list all spells.
Aiming: Kiss of Death (safe; 26% risk of failure)
Press: ? - help, Shift-Dir - straight line, f/p - Sigmund
Aim: Sigmund, wielding a +2 heavy scythe and wearing a +0 robe (heavily wounded, heavily drained, 100% to hit)
The negative energy hits Sigmund.
Sigmund is drained!
Sigmund is severely wounded.
You feel drained.
Sigmund hits you with a +2 heavy scythe!
Ouch! That really hurt!
* * * LOW HITPOINT WARNING * * *
Casting: Kiss of Death (safe; 26% risk of failure)
Confirm with . or Enter, or press ? or * to list all spells.
Aiming: Kiss of Death (safe; 26% risk of failure)
Press: ? - help, Shift-Dir - straight line, f/p - Sigmund
Aim: Sigmund, wielding a +2 heavy scythe and wearing a +0 robe (severely wounded, heavily drained, 100% to hit)
You miscast Kiss of Death.
You are very lightly contaminated with residual magic.
Nothing appears to happen.
You hit Sigmund.
Sigmund is almost dead.
Sigmund's eyes start glowing with a red light.
Sigmund closely misses you.
You hit Sigmund but do no damage.
Sigmund is almost dead.
You feel much better.
Sigmund hits you with a +2 heavy scythe!
Ouch! That really hurt!
You die...
Sigmund begins carving another notch in his scythe.

####### #.....# #
#.....##..
##############........#
#............#.....###
#.######.<.........#
#.###.###.### #.# #.#
#@# #.# #.# #@.......
#.# #.# #.####### ..#
#.# #.# ..# #.# #.# ...
..# #!# #... ... ...
#.#


You could see Sigmund (very drained).

Vanquished Creatures
  A ball python (D:1)
  3 endoplasms (D:1)
  A goblin (D:1)
  4 kobolds (D:1)
  2 quokkas (D:1)
  4 bats (D:1)
  A frilled lizard (D:1)
  A rat (D:1)
17 creatures vanquished.

Notes
Turn   | Place    | Note
-------+----------+-------------------------------------------
     0 | D:1      | Avanven the Demigod Reaver began the quest for the Orb.
     0 | D:1      | Reached XP level 1. HP: 17/17 MP: 5/5
   398 | D:1      | Reached XP level 2. HP: 21/24 MP: 7/7
   720 | D:2      | Noticed Sigmund
   731 | D:2      | Slain by Sigmund

Illustrated notes

Levels and vault maps discovered:
D:1:      mushboom_english_gardens, layout_basic
D:2:      layout_loops_ring, serial_shops, shop_coins, uniq_sigmund, uniq_robin

Skill      XL: |  1  2 |
---------------+-------+-----
Long Blades    | 3 |  3.3
Conjurations   | 3 |  3.0
Fighting       | |  1.7
Dodging        | |  1.7
Spellcasting   | |  1.7

Action                     || total
---------------------------++-------
  Melee: Falchion          ||    87
         Punch             ||     2
   Cast: Kiss of Death     ||     2
    Use: Potion            ||     3
 Armour: Ring mail         ||    43
         Leather armour    ||     4
  Dodge: Dodged            ||    87

Table legend: (Time is in decaauts)
 A = Elapsed time spent in this place.
 B = Non-inter-level travel time spent in this place.
 C = Inter-level travel time spent in this place.
 D = Time resting spent in this place.
 E = Time spent auto-exploring this place.
 F = Levels seen in this place.
 G = Mean time per level.
                   A        B        C        D        E       F      G
               +--------+--------+--------+--------+--------+-----+--------+
         Total |    743 |    728 |     15 |      0 |    546 |   2 |  371.5 |
       Dungeon |    743 |    728 |     15 |      0 |    546 |   2 |  371.5 |
               +--------+--------+--------+--------+--------+-----+--------+

Top non-repeatable levels by time:
     D:1: 717 daAuts
     D:2: 26 daAuts
